 Dungeon Crawl Stone Soup version 0.30.1-3-gfc49f6343a (webtiles) character file.

Game seed: 6700926634494762255

441 zeram the Covert (level 7, -1/45 HPs)
             Began as an Octopode Brigand on July 24, 2023.
             Slain by an ogre
             ... wielding a +0 giant spiked club
              (21 damage)
             ... on level 3 of the Dungeon.
             The game lasted 00:06:59 (3304 turns).

zeram the Covert (Octopode Brigand)                 Turns: 3304, Time: 00:07:00

Health: -1/45      AC:  1    Str: 10    XL:     7   Next: 2%
Magic:  7/7        EV: 11    Int: 16    God:
Gold:   206        SH:  8    Dex: 13    Spells: 6/6 levels left

rFire   . . .        a - +2 dagger
rCold   . . .        j - +1 kite shield
rNeg    . . .        (helmet restricted)
rPois   +            (no amulet)
rElec   .            q - ring of poison resistance
rCorr   .            (no ring)
SInv    .            (no ring)
Will    .....        (no ring)
Stlth   +++++        (no ring)
HPRegen 0.27/turn    (no ring)
MPRegen 0.10/turn    (no ring)
                     (no ring)

%: no passive effects
@: no status effects
A: almost no armour, amphibious, 8 rings, camouflage 1, gelatinous body 1,
(nimble swimmer 1), tentacles
a: no special abilities


You were on level 3 of the Dungeon.
You visited 2 branches of the dungeon, and saw 5 of its levels.

You collected 206 gold pieces.

Inventory:

Hand Weapons
 a - a +2 dagger (weapon)
Missiles
 b - 14 poisoned darts (quivered)
 c - 5 curare-tipped darts
Armour
 j - a +1 kite shield (worn)
Jewellery
 q - a ring of poison resistance (left tentacle)
Wands
 l - a wand of flame (24)
Scrolls
 f - 2 scrolls of teleportation
 g - a scroll of fear
 i - 2 scrolls of amnesia
 o - a scroll of identify
Potions
 d - 2 potions of mutation
 e - a potion of cancellation
 h - 3 potions of curing
 k - a potion of brilliance {unknown}
 m - a potion of attraction {unknown}
 n - a potion of magic {unknown}
 p - 3 potions of heal wounds
 r - a potion of might {unknown}
 s - 2 potions of lignification {unknown}


   Skills:
 - Level 2.0 Fighting
 + Level 4.5 Short Blades
 - Level 2.1 Throwing
 + Level 2.2 Dodging
 + Level 8.7 Stealth
 + Level 1.4 Shields


You had 6 spell levels left.
You didn't know any spells.
Your spell library contained the following spells:

 Spells                   Type           Power      Damage    Failure   Level
 Apportation              Tloc           0%         N/A       77%         1
 Alistair's Intoxication  Tmut/Pois      0%         N/A       100%        5


Dungeon Overview and Level Annotations

Branches:
Dungeon (4/15)             Temple (1/1) D:4

Altars:
Ashenzari
Cheibriados
Dithmenos
Elyvilon
Hepliaklqana
Kikubaaqudgha
Makhleb
Okawaru
Qazlal
Ru
Sif Muna
Trog
Uskayaw
Vehumet
Wu Jian

Shops:
D:2 *


Innate Abilities, Weirdness & Mutations

You cannot wear most types of armour.
You are amphibious.
You can wear up to eight rings at the same time.
Your skin changes colour to match your surroundings (Stealth+).
Your rubbery body absorbs attacks. (AC +1, EV +1)
((You are camouflaged when in or above water. (Stealth+)))
You have tentacles for arms and can constrict up to eight enemies at once.


Message History

The puff of flame hits you!
Something tries to affect you, but you resist.
There is a stone staircase leading up here.
You climb upwards.
Reactivating autopickup.
There is a stone staircase leading down here.
You start resting.
HP restored.
You climb downwards.
The orc wizard mumbles some strange words.
The orc wizard flickers and vanishes!
Deactivating autopickup; reactivate with Ctrl-A.
The ogre hits you with a +0 giant spiked club!!
There is a stone staircase leading up, spattered with blood here.
The ogre closely misses you.
You climb upwards.
Reactivating autopickup.
There is a stone staircase leading down here.
You hit the ogre.
The ogre is lightly wounded.
You hit the ogre but do no damage. You squeeze the ogre, but do no damage.
The ogre is lightly wounded.
The ogre closely misses you.
You hit the ogre. You squeeze the ogre!
The ogre is heavily wounded.
You block the ogre's attack.
You hit the ogre.
The ogre is heavily wounded.
You hit the ogre.
The ogre is severely wounded.
The ogre hits you with a +0 giant spiked club!
You hit the ogre.
The ogre is almost dead.
You block the ogre's attack.
You hit the ogre but do no damage.
The ogre is almost dead.
You hit the ogre.
The ogre is almost dead.
The ogre hits you with a +0 giant spiked club!!
You die...

...##....# #.#.# #.#
#####..รท.#####.#.#
#.# .................#
#.#
#####....###########.#
#####....### #.....#
...........# #.#####
...........# #.#
...........#####O#
................@#
...........#####.#
...........# #...#
...........###.#.#####
...........##........#
..####.....#....####.#
....####......####...#
##....####..####....##
##.....######.....##


You could see an ogre.

Vanquished Creatures
  Eustachio (D:4)
  A scorpion (D:4)
  An orc priest (D:4)
  An orc wizard (D:4)
  7 adders
  3 worms (D:2)
  10 dart slugs
  2 orcs (D:4)
  7 endoplasms
  5 giant cockroaches
  6 hobgoblins
  8 jackals
  3 quokkas
  5 ball pythons
  5 bats
  5 frilled lizards
  4 goblins
  12 kobolds
  10 rats
96 creatures vanquished.

Notes
Turn   | Place    | Note
-------+----------+-------------------------------------------
     0 | D:1      | zeram the Octopode Brigand began the quest for the Orb.
     0 | D:1      | Reached XP level 1. HP: 14/14 MP: 1/1
   180 | D:1      | Reached XP level 2. HP: 19/19 MP: 2/2
   220 | D:1      | Reached skill level 6 in Stealth
   348 | D:1      | Found a faded altar of an unknown god.
   365 | D:1      | Reached XP level 3. HP: 9/24 MP: 3/3
   834 | D:2      | Found Soag's General Store.
  1005 | D:2      | Reached XP level 4. HP: 29/29 MP: 4/4
  1681 | D:3      | Reached skill level 7 in Stealth
  1818 | D:3      | Reached XP level 5. HP: 22/34 MP: 5/5
  2547 | D:4      | Found a hazy altar of Hepliaklqana.
  2586 | D:4      | Noticed Eustachio
  2688 | D:4      | Killed Eustachio
  2689 | D:4      | Reached skill level 8 in Stealth
  2689 | D:4      | Reached skill level 1 in Shields
  2689 | D:4      | Reached XP level 6. HP: 12/39 MP: 6/6
  3007 | D:4      | Found a staircase to the Ecumenical Temple.
  3018 | Temple   | Entered the Ecumenical Temple
  3170 | D:4      | Reached XP level 7. HP: 30/45 MP: 7/7
  3304 | D:3      | Slain by an ogre

Illustrated notes

Levels and vault maps discovered:
D:1:      dpeg_arrival_ternary, layout_loops_ring,
          hellmonk_ecumenical_altar_pennies_from_heaven
D:2:      layout_basic, serial_shops, nicolae_shop_crystal,
          lexackson_kobold_supper
D:3:      kennysheep_slugbush, layout_basic, minmay_misc_feat_x,
          amcnicky_mini_corridor_feature, chequers_serial_rivers_room_a,
          grunt_ministairs_14
D:4:      layout_rooms, nzn_hepliaklqana_mist_gate,
          minmay_temple_entry_proselytizer, uniq_eustachio
Temple:   compressed_dpeg_circular_temple

Skill      XL: |  1  2  3  4  5  6 |
---------------+-------------------+-----
Stealth        | 6 7 8 |  8.7
Short Blades   | 3 4 |  4.5
Shields        | 1 |  1.4
Dodging        | 2 |  2.2
Fighting       | |  2.0
Throwing       | |  2.1

Action                     |  1- 3 |  4- 6 |  7- 9 || total
---------------------------+-------+-------+-------++-------
  Melee: Dagger            |    64 |   135 |     8 ||   207
         Constrict         |    11 |    38 |       ||    49
         Punch             |     1 |     2 |       ||     3
         Tentacles         |     6 |    21 |     2 ||    29
    Use: Scroll            |     2 |     9 |       ||    11
         Potion            |       |     2 |       ||     2
   Stab: Sleeping          |    16 |    11 |       ||    27
         Distracted        |     2 |       |       ||     2
 Armour: Skin              |     2 |     5 |       ||     7
  Dodge: Dodged            |    24 |    39 |     2 ||    65
  Block: Kite shield       |     1 |    46 |     2 ||    49
